[Event "Titled Tuesday Blitz July 27 2021"]
[White "Sliwicki, Damian"]
[Black "Do Valle Cardoso, Lucas"]
[WhiteFideId "1127128"]
[BlackFideId "2163144"]
[WhiteElo "2149"]
[BlackElo "2387"]
[Result "0-1"]
[Round "10"]
[TimeControl "180+1"]
[Date "2021.07.27"]
[WhiteClock "0:00:11"]
[BlackClock "0:01:01"]

1. e4 e5 2. Nf3 Nc6 3. d4 exd4 4. Bc4 Nf6 5. O-O Nxe4 6. Nc3 Nxc3 7. bxc3 d5 8. Bb5 Be7 9. Re1 O-O 10. Bxc6 bxc6 11. cxd4 Bd6 12. Qd3 h6 13. Ne5 Qf6 14. h3 Bf5 15. Qc3 Rfe8 16. Ba3 Bxa3 17. Qxa3 Bxc2 18. Rac1 Bg6 19. Rxc6 Qxc6 20. Nxc6 Rxe1+ 21. Kh2 Kh7 22. Qc5 Re2 23. Ne5 Rxf2 24. Qxd5 Rb8 25. Nf3 Rbb2 26. Nh4 Rxa2 27. Qc4 Rfc2 28. Qb3 a5 29. Kg3 a4 30. Qd5 a3 31. Kf4 Rf2+ 32. Nf3 Rxg2 33. h4 Raf2 34. h5 Bb1 35. Ke3 a2 36. Ng5+ Rxg5 0-1


[Site "https://www.chess.com"]

[Event "Titled Tuesday Blitz July 27 2021"]
[White "Sokolin, Leonid"]
[Black "Stribuk, Artiom"]
[WhiteFideId "2009161"]
[BlackFideId "13515659"]
[WhiteElo "2394"]
[BlackElo "2224"]
[Result "0-1"]
[Round "10"]
[TimeControl "180+1"]
[Date "2021.07.27"]
[WhiteClock "0:00:15"]
[BlackClock "0:00:07"]

1. e4 c5 2. Nf3 Nc6 3. Bb5 g6 4. O-O Bg7 5. Re1 Nf6 6. Bxc6 dxc6 7. h3 O-O 8. d3 Ne8 9. Nc3 e5 10. Be3 b6 11. a3 Nc7 12. b4 Ne6 13. bxc5 b5 14. Ne2 Qe7 15. Qd2 a5 16. Qc3 f6 17. d4 exd4 18. Nexd4 Nxd4 19. Bxd4 Be6 20. Rad1 Rfd8 21. Be3 Rd7 22. Rxd7 Qxd7 23. Bd4 Qe7 24. g4 Kf7 25. g5 Bxh3 26. gxf6 Bxf6 27. e5 Qe6 28. Kh2 Be7 29. Rg1 Bf5 30. Be3 a4 31. Ng5+ Bxg5 32. Bxg5 Ra7 33. Rd1 Rd7 34. Rd6 Rxd6 35. cxd6 Qd5 36. Qe3 c5 37. Bh4 Ke6 38. Bg3 Qd1 39. Qxc5 Be4 40. Qc8+ Kd5 41. Qb7+ Kd4 42. Qb6+ Kc4 43. Qc7+ Kd5 44. Qb7+ Kd4 45. Qb6+ Kd5 46. f3 Bxf3 47. Qg1 Qe2+ 48. Qf2 Qxf2+ 49. Bxf2 Bg4 50. Bg3 b4 51. axb4 a3 52. c4+ Kxc4 53. e6 Bxe6 54. Be5 Kxb4 55. Kg3 Kc4 56. Kf4 Kd5 57. Ba1 Kxd6 58. Kg5 Bf5 59. Kh6 Kd5 60. Kxh7 g5+ 61. Kh6 g4 62. Kh5 g3 63. Kh4 g2 0-1


[Site "https://www.chess.com"]

[Event "Titled Tuesday Blitz July 27 2021"]
[White "Solon, Nathan"]
[Black "Nogerbek, Kazybek"]
[WhiteFideId "2017229"]
[BlackFideId "13710427"]
[WhiteElo "2634"]
[BlackElo "2466"]
[Result "0-1"]
[Round "10"]
[TimeControl "180+1"]
[Date "2021.07.27"]
[WhiteClock "0:00:05"]
[BlackClock "0:01:43"]

1. d4 g6 2. c4 Bg7 3. g3 d6 4. Bg2 Nc6 5. e3 e5 6. Ne2 Nge7 7. Nbc3 O-O 8. O-O exd4 9. Nxd4 Nxd4 10. exd4 Nf5 11. d5 Re8 12. Ne4 h6 13. h4 Bd7 14. Re1 Re7 15. Bf4 Qf8 16. Qd2 Rae8 17. Rac1 b6 18. b4 f6 19. c5 bxc5 20. bxc5 g5 21. cxd6 cxd6 22. Be3 Rxe4 23. Bxe4 Rxe4 24. Bxa7 Rxe1+ 25. Rxe1 gxh4 26. g4 Ne7 27. f3 Ng6 28. Rb1 f5 29. Rb8 Be8 30. Qe2 Be5 31. Kh1 fxg4 32. fxg4 Kh7 33. Rb7+ Kh8 34. Rb8 Kg7 35. Rb7+ Bf7 36. Be3 Kg8 37. a4 Bxd5+ 0-1


[Site "https://www.chess.com"]

[Event "Titled Tuesday Blitz July 27 2021"]
[White "Spata, German"]
[Black "Shuvalov, Evgenij"]
[WhiteFideId "113026"]
[BlackFideId "4187237"]
[WhiteElo "2238"]
[BlackElo "2163"]
[Result "1-0"]
[Round "10"]
[TimeControl "180+1"]
[Date "2021.07.27"]
[WhiteClock "0:00:02"]
[BlackClock "0:00:11"]

1. d4 Nf6 2. Nc3 d5 3. Bf4 a6 4. e3 Bg4 5. f3 Bh5 6. g4 Bg6 7. h4 h5 8. g5 Ng8 9. Bd3 Bxd3 10. Qxd3 g6 11. Nge2 Nc6 12. Kf2 e6 13. Kg2 Nge7 14. Ng3 Bg7 15. Rad1 Nf5 16. Nxf5 exf5 17. Ne2 O-O 18. a3 Re8 19. Rhe1 Qd7 20. Ng3 Nd8 21. c4 Ne6 22. Ne2 Rad8 23. c5 Nxf4+ 24. Nxf4 Re7 25. Qd2 Rde8 26. Nd3 c6 27. f4 Re4 28. Nf2 R8e7 29. b4 Qe6 30. Nxe4 fxe4 31. Qf2 Qf5 32. Qg3 Qc8 33. Qh3 Qa8 34. f5 Re8 35. fxg6 fxg6 36. Rf1 a5 37. Qd7 Kh8 38. Qf7 axb4 39. axb4 Rf8 40. Qxg6 Qa2+ 41. Kh1 Rxf1+ 42. Rxf1 Qe2 43. Qf5 Qxe3 44. g6 Bxd4 45. Qf8# 1-0


[Site "https://www.chess.com"]

[Event "Titled Tuesday Blitz July 27 2021"]
[White "Srihari L R"]
[Black "Mezentsev, Ivan"]
[WhiteFideId "46617116"]
[BlackFideId "13706195"]
[WhiteElo "2121"]
[BlackElo "2295"]
[Result "1/2-1/2"]
[Round "10"]
[TimeControl "180+1"]
[Date "2021.07.27"]
[WhiteClock "0:00:03"]
[BlackClock "0:00:02"]

1. d4 Nf6 2. c4 c5 3. Nf3 g6 4. g3 Bg7 5. Bg2 O-O 6. O-O cxd4 7. Nxd4 d6 8. Nc3 Qb6 9. Nb3 Nc6 10. Be3 Qd8 11. Rc1 Be6 12. Nd5 Rc8 13. Qd2 Ne5 14. Nxf6+ Bxf6 15. Bxb7 Nxc4 16. Qb4 Nxe3 17. Bxc8 Nxf1 18. Bxe6 Nxg3 19. Bxf7+ Rxf7 20. hxg3 Bxb2 21. Rc2 Be5 22. Na5 Qb6 23. Qxb6 axb6 24. Nc4 Bd4 25. e3 Bc5 26. Rb2 e6 27. Nxb6 Ra7 28. Nc4 Kf7 29. Rc2 Ke7 30. Kf1 h5 31. Ke2 g5 32. Nd2 Bb4 33. Nf3 Kf6 34. Nd4 Bc5 35. Nb5 Ra5 36. Nc3 d5 37. Kf3 Ke5 38. Ne2 Kd6 39. Nc1 Ra7 40. Ke2 h4 41. gxh4 gxh4 42. Nd3 Bb6 43. Kf3 Rg7 44. Rc1 Bd8 45. Nf4 e5 46. Nh3 e4+ 47. Ke2 Ra7 48. Rc2 Bf6 49. f3 Rg7 50. fxe4 Rg2+ 51. Nf2 h3 52. Kf3 Bh4 53. exd5 Rg3+ 54. Kf4 Kxd5 55. Ne4 Rg1 56. Rd2+ Kc4 57. Rh2 Rf1+ 58. Kg4 Kd3 59. Nc5+ Kc4 60. Rc2+ Kd5 61. Kxh4 h2 62. e4+ Kd4 63. Nb3+ Kxe4 64. Rxh2 Kf4 65. Kh3 Rg1 66. Rd2 Ke3 67. Rg2 Rf1 68. Kg3 Kd3 69. Rf2 Re1 70. a4 Kc3 71. Rf3+ Kb4 72. a5 Re6 73. Kf4 Rf6+ 74. Ke4 Re6+ 75. Kd5 Rh6 76. Rd3 Kb5 77. Nd4+ Ka6 78. Ra3 Rh5+ 79. Kc4 Rxa5 80. Re3 Ra4+ 81. Kc5 Ra5+ 82. Kc6 Ka7 83. Ne6 Ra6+ 84. Kc7 Ra2 85. Nd4 Ka6 86. Nc6 Kb5 87. Re4 Kc5 88. Re5+ Kc4 89. Kd6 Rd2+ 90. Kc7 Rd5 91. Re4+ Kc3 92. Kb6 Rd6 93. Kc5 Rd3 94. Rc4+ Kd2 95. Ne5 Rc3 96. Kd4 Rxc4+ 97. Nxc4+ 1/2-1/2


[Site "https://www.chess.com"]

[Event "Titled Tuesday Blitz July 27 2021"]
[White "Stoyanov, Tsvetan"]
[Black "Mickiewicz, Piotr"]
[WhiteFideId "2917173"]
[BlackFideId "1114891"]
[WhiteElo "2198"]
[BlackElo "2263"]
[Result "0-1"]
[Round "10"]
[TimeControl "180+1"]
[Date "2021.07.27"]
[WhiteClock "0:00:52"]
[BlackClock "0:00:11"]

1. g3 d5 2. Bg2 e5 3. b3 Nf6 4. Bb2 Bd6 5. e3 O-O 6. Ne2 c6 7. d3 Re8 8. Nd2 a5 9. a4 Na6 10. O-O Qe7 11. e4 dxe4 12. Nxe4 Nxe4 13. dxe4 Bg4 14. h3 Bh5 15. g4 Bg6 16. Ng3 Rad8 17. Qe2 Nc5 18. Rad1 Ne6 19. Nf5 Bxf5 20. exf5 Nf4 21. Qe4 f6 22. Kh2 Bc5 23. Kg3 Kf8 24. Bf3 Rxd1 25. Rxd1 Rd8 26. Qc4 Rxd1 27. Bxd1 Qd6 28. Bf3 e4 29. Bxe4 Nd3+ 30. Kg2 Nxb2 31. Qe2 Nd1 32. Bd3 Nxf2 33. Bc4 Nd1 34. Be6 Ne3+ 35. Kf3 g5 36. Qd3 Qf4+ 37. Ke2 Qf1+ 38. Kd2 Qd1+ 39. Kc3 Bb4+ 40. Kb2 Qxd3 41. cxd3 Nd1+ 42. Kc2 Nf2 43. Bc8 b6 44. Bb7 c5 45. Bg2 Ke7 46. Bf1 Kd6 0-1


[Site "https://www.chess.com"]

[Event "Titled Tuesday Blitz July 27 2021"]
[White "Terletsky, Oleg"]
[Black "Citra, Dewi Ardhiani Anastasia"]
[WhiteFideId "14116774"]
[BlackFideId "7101244"]
[WhiteElo "2094"]
[BlackElo "2120"]
[Result "1-0"]
[Round "10"]
[TimeControl "180+1"]
[Date "2021.07.27"]
[WhiteClock "0:01:20"]
[BlackClock "0:01:10"]

1. e4 c5 2. Nf3 d6 3. d4 cxd4 4. Nxd4 Nf6 5. Nc3 e6 6. Bc4 Nc6 7. O-O Be7 8. Kh1 O-O 9. f4 Qc7 10. Bb3 a6 11. f5 Nxd4 12. Qxd4 b5 13. Bg5 b4 14. Qxb4 d5 15. Qd4 e5 16. Qd3 d4 17. Bxf6 dxc3 18. Bxe7 cxb2 19. f6 bxa1=Q 20. Rxa1 Re8 21. Qg3 g6 22. Qg5 Rxe7 23. Qh6 1-0


[Site "https://www.chess.com"]

[Event "Titled Tuesday Blitz July 27 2021"]
[White "Terry, Renato"]
[Black "Asadli, Vugar"]
[WhiteFideId "3803457"]
[BlackFideId "13405764"]
[WhiteElo "2581"]
[BlackElo "2386"]
[Result "1-0"]
[Round "10"]
[TimeControl "180+1"]
[Date "2021.07.27"]
[WhiteClock "0:00:57"]
[BlackClock "0:01:41"]

1. d4 d6 2. Bg5 g6 3. Nf3 Bg7 4. c3 h6 5. Bh4 g5 6. Bg3 f5 7. e3 Nf6 8. Bc4 Nc6 9. h4 g4 10. Ng1 Ne4 11. Ne2 e5 12. Nd2 Nf6 13. Bb5 Qe7 14. Nc4 Bd7 15. Bxc6 Bxc6 16. dxe5 dxe5 17. Nxe5 Bxg2 18. Rg1 Be4 19. Ng6 Qc5 20. Nxh8 Bxh8 21. Qd4 Qc6 22. O-O-O Kf7 23. Be5 Qa6 24. Ng3 Qxa2 25. Nxe4 fxe4 26. Bxf6 Bxf6 27. Qd7+ Be7 28. Rxg4 Qa1+ 29. Kc2 Qa4+ 30. Qxa4 1-0


[Site "https://www.chess.com"]

[Event "Titled Tuesday Blitz July 27 2021"]
[White "Timmermans, Mark"]
[Black "Agibileg, Uurtsaikh"]
[WhiteFideId "1026399"]
[BlackFideId "4901606"]
[WhiteElo "2460"]
[BlackElo "2117"]
[Result "1-0"]
[Round "10"]
[TimeControl "180+1"]
[Date "2021.07.27"]
[WhiteClock "0:03:02"]
[BlackClock "0:02:28"]

1. b4 Nf6 2. Bb2 g6 3. b5 Bg7 4. c4 c6 5. a4 Qb6 6. e3 a5 7. Nf3 d5 8. Be2 dxc4 9. Bxc4 cxb5 10. axb5 Bd7 11. Nc3 Ne4 12. Na4 Qc7 13. Bxg7 Rg8 14. Bd3 Rxg7 15. Bxe4 Bxb5 16. Nc3 Ba6 17. Qa4+ Nd7 18. Qxa5 Qxa5 19. Rxa5 1-0


[Site "https://www.chess.com"]

[Event "Titled Tuesday Blitz July 27 2021"]
[White "Tomiello, Mateus Costamilan"]
[Black "Koridze, Lile"]
[WhiteFideId "22701958"]
[BlackFideId "13612514"]
[WhiteElo "1995"]
[BlackElo "1978"]
[Result "0-1"]
[Round "10"]
[TimeControl "180+1"]
[Date "2021.07.27"]
[WhiteClock "0:00:05"]
[BlackClock "0:00:06"]

1. e4 c5 2. Nf3 d6 3. d4 cxd4 4. Nxd4 Nf6 5. Nc3 Nc6 6. Bg5 e6 7. Qd2 a6 8. O-O-O Bd7 9. Kb1 Qc7 10. f4 b5 11. Bxf6 gxf6 12. Be2 b4 13. Nd5 exd5 14. exd5 Nxd4 15. Qxd4 Bg7 16. Rhe1 Kf8 17. Bd3 f5 18. Qe3 Bf6 19. Qh3 h6 20. Bxf5 Bb5 21. g4 Kg7 22. Qg3 Rhe8 23. g5 hxg5 24. fxg5 Be5 25. Qg4 Rh8 26. h4 Ba4 27. h5 Kf8 28. h6 Rc8 29. Re2 Re8 30. Rf1 Ke7 31. g6 f6 32. h7 Bb5 33. Rfe1 Bxe2 34. Rxe2 Kd8 35. g7 Qf7 36. Be6 Rxh7 37. Re1 Qxg7 38. Qxb4 Qc7 39. c3 Ke7 40. Qe4 Reh8 41. Qf5 Rh5 42. Qe4 Qc5 43. Rg1 Qxg1+ 44. Kc2 Rh2+ 45. Kb3 Qb6+ 46. Ka4 Qb5+ 47. Ka3 Qxb2+ 0-1


[Site "https://www.chess.com"]

[Event "Titled Tuesday Blitz July 27 2021"]
[White "Tsotsonava, Elene"]
[Black "Reprintsev, Alexander"]
[WhiteFideId "13615939"]
[BlackFideId "14100541"]
[WhiteElo "1847"]
[BlackElo "2126"]
[Result "0-1"]
[Round "10"]
[TimeControl "180+1"]
[Date "2021.07.27"]
[WhiteClock "0:00:10"]
[BlackClock "0:00:11"]

1. e4 d5 2. exd5 Qxd5 3. Nc3 Qa5 4. d4 Nf6 5. Nf3 Nc6 6. Bb5 Ne4 7. Bxc6+ bxc6 8. Bd2 Nxc3 9. Bxc3 Qd5 10. Qd2 Bg4 11. O-O-O Qxa2 12. Qf4 Bxf3 13. Qxf3 Qd5 14. Qg3 g6 15. Qxc7 Bh6+ 16. Kb1 O-O 17. Qe5 a5 18. Qxe7 a4 19. Qc5 Qxg2 20. d5 cxd5 21. Qd4 f6 22. Qxd5+ Qxd5 23. Rxd5 Bf4 24. h4 h5 25. Rg1 Kh7 26. Rd7+ Kh6 27. Rb7 a3 28. Rb6 axb2 29. Bxb2 Rab8 30. Rxb8 Rxb8 31. Ka2 Rb4 32. Bxf6 Bh2 33. Bg5+ Kg7 34. Rd1 Rb7 35. Rd3 Be5 36. Rb3 Rf7 37. f3 Rc7 38. Kb1 Kf7 39. Kc1 Ke6 40. Rb6+ Kf5 41. Kd2 Rd7+ 42. Ke2 Rc7 43. Rb5 Rxc2+ 44. Kd3 Rc3+ 45. Kd2 Rc4 46. f4 Rxf4 47. Bxf4 Kxf4 48. Rb6 Kf5 49. Ke2 Bf6 50. Rb4 Be7 51. Kf3 Bxb4 52. Kg3 Be7 53. Kh3 Kf4 54. Kg2 Bxh4 55. Kh3 Bf6 56. Kh2 Kg4 57. Kg2 g5 58. Kh2 Kh4 59. Kh1 g4 60. Kg2 g3 61. Kh1 Kg4 62. Kg2 Be7 63. Kg1 Kf3 64. Kh1 g2+ 65. Kh2 Bd6+ 66. Kh3 g1=Q 67. Kh4 Qg4# 0-1


[Site "https://www.chess.com"]

[Event "Titled Tuesday Blitz July 27 2021"]
[White "Ulko, Jaroslav"]
[Black "Tokman, Ariel"]
[WhiteFideId "4116658"]
[BlackFideId "117420"]
[WhiteElo "2304"]
[BlackElo "2345"]
[Result "1-0"]
[Round "10"]
[TimeControl "180+1"]
[Date "2021.07.27"]
[WhiteClock "0:00:16"]
[BlackClock "0:00:02"]

1. d4 Nf6 2. Nf3 g6 3. c3 Bg7 4. Bg5 d6 5. Nbd2 h6 6. Bh4 O-O 7. e4 c5 8. dxc5 dxc5 9. Be2 Nc6 10. Qc2 g5 11. Bg3 Nh5 12. Nc4 Nxg3 13. hxg3 e6 14. e5 Bd7 15. Qe4 f5 16. exf6 Qxf6 17. O-O-O Rad8 18. Bd3 Qf5 19. Qe2 Qf6 20. g4 b5 21. Ncd2 b4 22. Qe4 Rfe8 23. Nc4 bxc3 24. Qh7+ Kf8 25. Kb1 Nb4 26. Bg6 c2+ 27. Bxc2 Nxc2 28. Qxc2 Bc6 29. Nfe5 Bd5 30. Rhe1 Kg8 31. f3 Re7 32. Nc6 Rb7 33. Nxd8 Qxd8 34. Rxe6 Qd7 35. Rd6 Bxb2 36. Rxd7 Bd4+ 37. Rxb7 1-0


[Site "https://www.chess.com"]

[Event "Titled Tuesday Blitz July 27 2021"]
[White "Urazayev, Arystanbek"]
[Black "Wiewiora, Eneasz"]
[WhiteFideId "13709810"]
[BlackFideId "1140396"]
[WhiteElo "2321"]
[BlackElo "2312"]
[Result "1-0"]
[Round "10"]
[TimeControl "180+1"]
[Date "2021.07.27"]
[WhiteClock "0:00:57"]
[BlackClock "0:00:02"]

1. d4 d5 2. c4 e6 3. Nc3 Nf6 4. Nf3 a6 5. cxd5 exd5 6. Bg5 Be6 7. Bxf6 Qxf6 8. Qb3 Ra7 9. h4 Qd8 10. g3 Be7 11. Bh3 Bxh3 12. Rxh3 c6 13. e4 dxe4 14. Nxe4 O-O 15. g4 a5 16. O-O-O a4 17. Qd3 a3 18. b3 Na6 19. Kb1 Nb4 20. Qd2 Nd5 21. Ne5 f6 22. Nd3 Re8 23. g5 f5 24. Nec5 Bxc5 25. Nxc5 b6 26. Nd3 Rae7 27. Ne5 Rxe5 28. dxe5 Rxe5 29. Rd3 Qe7 30. Qc1 Re2 31. Qxc6 Rb2+ 32. Kc1 Kf8 33. Qc8+ Kf7 34. Qxf5+ Nf6 35. Rd7 Qxd7 36. Rxd7+ Ke8 37. Qe6+ 1-0


[Site "https://www.chess.com"]

[Event "Titled Tuesday Blitz July 27 2021"]
[White "ValeriyGrinev"]
[Black "Palchuk, Andrii"]
[BlackFideId "14176688"]
[WhiteElo "2596"]
[BlackElo "2284"]
[Result "1-0"]
[Round "10"]
[TimeControl "180+1"]
[Date "2021.07.27"]
[WhiteClock "0:00:38"]
[BlackClock "0:00:01"]

1. d4 Nf6 2. c4 g6 3. Nc3 Bg7 4. e4 d6 5. Be2 O-O 6. Be3 Nbd7 7. h3 e5 8. d5 a5 9. Nf3 b6 10. Nd2 Nc5 11. g4 Ne8 12. h4 f5 13. gxf5 gxf5 14. Bg5 Nf6 15. Rg1 Kh8 16. Qc2 fxe4 17. Ndxe4 Bf5 18. f3 Bxe4 19. fxe4 Qe8 20. O-O-O h6 21. Be3 a4 22. Rdf1 a3 23. b4 Na6 24. Qd2 Ng8 25. Nb5 Qe7 26. h5 Rxf1+ 27. Rxf1 Rf8 28. Rxf8 Qxf8 29. Kc2 Qf7 30. Kb3 Nf6 31. Bxh6 Nxe4 32. Qe3 Nf6 33. Qg5 Bxh6 34. Qxh6+ Kg8 35. Qg5+ Qg7 36. Qf5 Qg3+ 37. Ka4 Qg7 38. Qc8+ Kh7 39. Qxa6 Kh6 40. Nc3 Qg3 41. Nd1 Qe1 42. c5 Qxe2 43. Qxe2 1-0


[Site "https://www.chess.com"]

[Event "Titled Tuesday Blitz July 27 2021"]
[White "Vokhidov, Shamsiddin"]
[Black "Tristan, Leonardo"]
[WhiteFideId "14204223"]
[BlackFideId "113816"]
[WhiteElo "2572"]
[BlackElo "2404"]
[Result "1-0"]
[Round "10"]
[TimeControl "180+1"]
[Date "2021.07.27"]
[WhiteClock "0:01:48"]
[BlackClock "0:00:17"]

1. e4 c5 2. Nf3 Nc6 3. d4 cxd4 4. Nxd4 Nf6 5. Nc3 e6 6. g3 d5 7. Bg2 dxe4 8. Nxc6 Qxd1+ 9. Kxd1 bxc6 10. Nxe4 Nd5 11. c4 Nb4 12. a3 Nd3 13. Ke2 Nxc1+ 14. Raxc1 Rb8 15. b4 a5 16. bxa5 Rb2+ 17. Kd3 Bxa3 18. Rb1 Rxb1 19. Rxb1 Ke7 20. Kc3 f5 21. Ra1 Bd6 22. Nxd6 Kxd6 23. a6 Kc7 24. c5 e5 25. Bf1 Rd8 26. Bc4 Kb8 27. Rb1+ Ka7 28. Rb6 Bd7 29. Rb7+ Ka8 30. Bb3 g5 31. Ba4 Be8 32. Re7 1-0


[Site "https://www.chess.com"]

[Event "Titled Tuesday Blitz July 27 2021"]
[White "Walentukiewicz, Michal"]
[Black "Chernobay, Artem"]
[WhiteFideId "1126903"]
[BlackFideId "4167406"]
[WhiteElo "1974"]
[BlackElo "2480"]
[Result "1/2-1/2"]
[Round "10"]
[TimeControl "180+1"]
[Date "2021.07.27"]
[WhiteClock "0:01:21"]
[BlackClock "0:02:05"]

1. g3 Nf6 2. Bg2 e5 3. c4 d5 4. cxd5 Nxd5 5. Nc3 Nb6 6. Nf3 Nc6 7. O-O Be7 8. a4 a5 9. d3 O-O 10. Be3 Re8 11. Rc1 Bf8 12. Ne4 Nb4 13. Bc5 Bd7 14. Bxf8 Kxf8 15. d4 Bxa4 16. b3 Bc6 17. Nxe5 Bd5 18. Nc5 Kg8 19. e4 Bc6 20. Nxc6 bxc6 21. Qd2 h6 22. Rfd1 Qe7 23. Nd3 1/2-1/2


[Site "https://www.chess.com"]

[Event "Titled Tuesday Blitz July 27 2021"]
[White "Weetik, Vjacheslav"]
[Black "Vlassov, Nikolai"]
[WhiteFideId "4153472"]
[BlackFideId "4103360"]
[WhiteElo "2469"]
[BlackElo "2407"]
[Result "1/2-1/2"]
[Round "10"]
[TimeControl "180+1"]
[Date "2021.07.27"]
[WhiteClock "0:00:19"]
[BlackClock "0:00:35"]

1. d4 Nf6 2. Nf3 e6 3. c4 Nc6 4. Nc3 Bb4 5. g3 Bxc3+ 6. bxc3 O-O 7. Bg2 b6 8. O-O Bb7 9. Rb1 Na5 10. c5 Be4 11. Ra1 bxc5 12. dxc5 d5 13. cxd6 cxd6 14. Qa4 Rc8 15. Bg5 Rc4 16. Qa3 Rc5 17. Rfd1 Bxf3 18. Bxf6 Qxf6 19. Bxf3 Nc4 20. Qxa7 Qxc3 21. Rac1 Qe5 22. a4 Rfc8 23. Rb1 h5 24. Rb8 Rxb8 25. Qxb8+ Kh7 26. h4 d5 27. Qb1+ g6 28. Qb4 Ra5 29. Rb1 Kg7 30. Qe7 Rxa4 31. Rb7 Qf6 32. Qe8 Nd6 33. Rxf7+ Nxf7 34. Qxa4 Ne5 35. Qa7+ Kh6 36. Qe3+ Kg7 37. Qa7+ Kh6 38. Qe3+ Kg7 39. Qa7+ 1/2-1/2


[Site "https://www.chess.com"]

[Event "Titled Tuesday Blitz July 27 2021"]
[White "Willow, Jonah B"]
[Black "Khusnutdinov, Rustam"]
[WhiteFideId "438804"]
[BlackFideId "13701703"]
[WhiteElo "2261"]
[BlackElo "2571"]
[Result "0-1"]
[Round "10"]
[TimeControl "180+1"]
[Date "2021.07.27"]
[WhiteClock "0:00:06"]
[BlackClock "0:01:32"]

1. e4 e6 2. d4 d5 3. Nd2 c5 4. Ngf3 Nc6 5. exd5 exd5 6. Bb5 Qe7+ 7. Be2 Qc7 8. O-O Nf6 9. dxc5 Bxc5 10. Nb3 Bb6 11. Bg5 Be6 12. c3 Ne4 13. Bh4 O-O 14. Nbd4 Bg4 15. Nb5 Qd7 16. c4 d4 17. Nfxd4 Bxe2 18. Nxe2 Qg4 19. Bg3 Rad8 20. h3 Qg6 21. Qc1 Nxg3 22. Nxg3 Qxg3 23. c5 Qe5 24. cxb6 Qxb5 25. bxa7 Nxa7 26. Qf4 Nc6 27. Rfb1 Rfe8 28. a4 Qb4 29. Qxb4 Nxb4 30. Rd1 Kf8 31. Rac1 Rxd1+ 32. Rxd1 Ke7 33. Rd4 Nc6 34. Rh4 h6 35. b4 Kd6 36. b5 Na5 37. Rg4 g6 38. Rf4 Re7 39. Rh4 h5 40. g4 hxg4 41. hxg4 Kc5 42. g5 Nc4 43. Rf4 b6 44. Kg2 Rc7 45. Rf6 Kb4 46. Rf4 Kxa4 0-1


[Site "https://www.chess.com"]

[Event "Titled Tuesday Blitz July 27 2021"]
[White "Yaran, Siar"]
[Black "Ginzburg, Yakov"]
[WhiteFideId "6323006"]
[BlackFideId "4157176"]
[WhiteElo "1977"]
[BlackElo "2276"]
[Result "1-0"]
[Round "10"]
[TimeControl "180+1"]
[Date "2021.07.27"]
[WhiteClock "0:02:05"]
[BlackClock "0:01:21"]

1. e4 c5 2. Nf3 e6 3. d4 cxd4 4. Nxd4 Nf6 5. Nc3 Nc6 6. Be2 Bb4 7. O-O Bxc3 8. bxc3 Nxe4 9. Bd3 Nf6 10. Ba3 d6 11. Nb5 O-O 12. Nxd6 Ne7 13. Qf3 Qa5 14. Bb4 Qd5 15. Nxc8 Nxc8 16. Bxf8 Qxf3 17. gxf3 Kxf8 18. Rfd1 Nb6 19. a4 a5 20. Rdb1 Nfd7 21. Rb5 Rc8 22. Rxa5 Rxc3 23. Rb5 Ke7 24. a5 Nd5 25. Rxb7 Kd6 26. a6 Nc7 27. a7 Na8 28. Rb8 Ndb6 29. Be4 1-0


[Site "https://www.chess.com"]

[Event "Titled Tuesday Blitz July 27 2021"]
[White "Yilmaz, Mustafa"]
[Black "Tsaruk, Maksim"]
[WhiteFideId "6302718"]
[BlackFideId "13511173"]
[WhiteElo "2518"]
[BlackElo "2184"]
[Result "0-1"]
[Round "10"]
[TimeControl "180+1"]
[Date "2021.07.27"]
[WhiteClock "0:01:04"]
[BlackClock "0:00:28"]

1. d4 Nf6 2. c4 e6 3. Nf3 d5 4. Bg5 dxc4 5. Qc2 b5 6. e4 Bb7 7. Nbd2 Bb4 8. e5 h6 9. exf6 hxg5 10. fxg7 Rg8 11. Qh7 Ke7 12. O-O-O Bxd2+ 13. Rxd2 Bxf3 14. gxf3 Nc6 15. Rg1 Qd5 16. f4 Rad8 17. Rxg5 Qh1 18. Qh4 f6 19. Rg6 Qxf1+ 20. Rd1 Qe2 21. d5 Rxd5 22. Qxf6+ Kd6 23. Rxd5+ Kxd5 24. Rg1 Nb4 25. Kb1 Qd3+ 26. Ka1 Nc2+ 27. Kb1 Na3+ 0-1


[Site "https://www.chess.com"]

[Event "Titled Tuesday Blitz July 27 2021"]
[White "Zhigalko, Sergei"]
[Black "Andreikin, Dmitry"]
[WhiteFideId "13502956"]
[BlackFideId "4158814"]
[WhiteElo "2662"]
[BlackElo "2782"]
[Result "1/2-1/2"]
[Round "10"]
[TimeControl "180+1"]
[Date "2021.07.27"]
[WhiteClock "0:00:05"]
[BlackClock "0:00:03"]

1. e4 c5 2. Nf3 e6 3. c3 Nf6 4. e5 Nd5 5. Bc4 Nb6 6. Bb3 d5 7. exd6 Bxd6 8. d4 O-O 9. O-O Nc6 10. Re1 Qc7 11. Be3 cxd4 12. cxd4 Nd5 13. Nc3 Nxc3 14. bxc3 Ne7 15. c4 b6 16. c5 Bf4 17. Rc1 Bxe3 18. fxe3 Bb7 19. e4 bxc5 20. Rxc5 Qb6 21. Ne5 Rad8 22. Nc4 Qb4 23. a3 Qxc5 24. dxc5 Rxd1 25. Rxd1 Bxe4 26. Rd7 Nc6 27. Nd6 Ne5 28. Rxa7 Bc6 29. Ba4 Bd5 30. Bb5 f5 31. Rc7 f4 32. Rc8 f3 33. gxf3 Nxf3+ 34. Kf2 Nd4+ 35. Rxf8+ Kxf8 36. a4 Ke7 37. a5 Kd8 38. a6 Kc7 39. Ne8+ Kb8 40. Nxg7 Nxb5 41. Ke3 Ka7 42. Kf4 Kxa6 43. Ke5 Nc7 44. Nh5 Kb5 45. Nf6 Kxc5 46. Nxh7 Ne8 47. Ng5 Ng7 48. Kf6 Nh5+ 49. Ke5 Ng7 50. Kf6 Ne8+ 51. Ke5 Nc7 52. h4 Bb3 53. h5 Kc6 54. h6 Bc2 55. Nxe6 Ne8 56. Nd4+ Kd7 57. Nxc2 Ke7 58. Ne3 Kf7 59. Kf5 Nd6+ 60. Kg4 Kg6 61. h7 Nf7 62. Nf5 Kxh7 1/2-1/2


[Site "https://www.chess.com"]

[Event "Titled Tuesday Blitz July 27 2021"]
[White "Zubov, Alexander"]
[Black "Sadhwani, Raunak"]
[WhiteFideId "14109409"]
[BlackFideId "35093487"]
[WhiteElo "2740"]
[BlackElo "2514"]
[Result "1/2-1/2"]
[Round "10"]
[TimeControl "180+1"]
[Date "2021.07.27"]
[WhiteClock "0:00:36"]
[BlackClock "0:00:53"]

1. d4 Nf6 2. Nf3 d5 3. c4 e6 4. Nc3 a6 5. cxd5 exd5 6. Bf4 Bd6 7. Bg3 O-O 8. Qc2 Bg4 9. e3 Bh5 10. Bd3 Bg6 11. Ne5 Bxd3 12. Nxd3 c6 13. Nc5 Ra7 14. N3a4 h6 15. Bxd6 Qxd6 16. O-O-O Nbd7 17. Kb1 b6 18. Nxd7 Nxd7 19. Rc1 Rc7 20. Qd3 a5 21. Rc2 Rfc8 22. Rd1 Qb4 23. Qb3 Qxb3 24. axb3 Kf8 25. Kc1 Ke7 26. Kd2 Kd6 27. Ke2 f5 28. h3 h5 29. g4 hxg4 30. hxg4 fxg4 31. Rg1 Nf6 32. Nxb6 Rb8 33. Na4 Rxb3 34. Nc5 Rb5 35. Nd3 Rcb7 36. Rgc1 R7b6 37. Rg1 Rb3 38. Ra1 R3b5 39. Rg1 Rb3 40. Ra1 R3b5 41. Rg1 1/2-1/2


[Site "https://www.chess.com"]

[Event "Titled Tuesday Blitz July 27 2021"]
[White "Agibileg, Uurtsaikh"]
[Black "Gonzalez, Francisco Silva"]
[WhiteFideId "4901606"]
[BlackFideId "1512285"]
[WhiteElo "2117"]
[BlackElo "2159"]
[Result "1-0"]
[Round "11"]
[TimeControl "180+1"]
[Date "2021.07.27"]
[WhiteClock "0:01:48"]
[BlackClock "0:01:08"]

1. d4 Nf6 2. c4 e6 3. Nc3 Bb4 4. a3 Bxc3+ 5. bxc3 d6 6. f3 b6 7. e4 Bb7 8. Bd3 Nc6 9. Ne2 e5 10. O-O Nd7 11. f4 f6 12. Ng3 g6 13. Qg4 Qe7 14. Be3 O-O-O 15. c5 dxc5 16. d5 Na5 17. f5 Rhg8 18. Qe2 Kb8 19. Rab1 c6 20. c4 cxd5 21. exd5 Rde8 22. Ne4 g5 23. Bd2 Ka8 24. Bxa5 bxa5 25. Bc2 Nb6 26. Rb5 Ba6 27. Rxc5 Rc8 28. d6 Qf7 29. Bd3 Bxc4 30. Bxc4 Nxc4 31. d7 Rxc5 32. Nxc5 Nb6 33. Rd1 Nxd7 34. Qe4+ Qd5 35. Qxd5+ 1-0


[Site "https://www.chess.com"]